 Dungeon Crawl Stone Soup version 0.21.1-1-g345015f (webtiles) character file.

78 Hasart the Magician (level 4, -1/24 HPs)
             Began as a Kobold Wizard on Apr 1, 2018.
             Killed from afar by an orc wizard (5 damage)
             ... with a magic dart
             ... on level 2 of the Dungeon.
             The game lasted 00:08:17 (2865 turns).

Hasart the Magician (Kobold Wizard)                 Turns: 2865, Time: 00:08:18

Health: -1/24      AC:  3    Str:  4    XL:     4   Next: 61%
Magic:  2/9        EV: 15    Int: 20    God:
Gold:   90         SH:  0    Dex: 13    Spells: 5/10 levels left

rFire    . . .     SeeInvis .   l - +0 trident (curse)
rCold    . . .     Gourm    .   (shield currently unavailable)
rNeg     . . .     Faith    .   a - +0 robe
rPois    .         Spirit   .   b - +0 hat
rElec    .         Reflect  .   m - +0 cloak
rCorr    .         Harm     .   (no gloves)
MR       .....                  (no boots)
Stlth    ++........             (no amulet)
HPRegen  0.08/turn              k - ring of wizardry
MPRegen  0.11/turn              (no ring)

@: no status effects
A: small, carnivore
a: no special abilities


You were on level 2 of the Dungeon.
You were very full.

You visited 1 branch of the dungeon, and saw 3 of its levels.

You collected 90 gold pieces.

Inventory:

Hand Weapons
 l - a cursed +0 trident (weapon)
Armour
 a - a +0 robe (worn)
 b - a +0 hat (worn)
 m - a +0 cloak (worn)
Jewellery
 k - a ring of wizardry (left hand)
Scrolls
 e - a scroll of teleportation
Potions
 f - 2 potions of curing
 h - 2 potions of mutation {unknown}
 i - a potion of cancellation
 p - a potion of heal wounds {unknown}
 q - a potion of resistance {unknown}
Books
 c - a book of Minor Magic

   Spells                             Type                      Level
   a - Magic Dart                     Conjuration                  1
   b - Blink                          Translocation                2
   c - Call Imp                       Summoning                    2
   d - Slow                           Hexes                        2
   e - Conjure Flame                  Conjuration/Fire             3
   f - Mephitic Cloud                 Conjuration/Poison/Air       3
Comestibles
 d - 6 rations


   Skills:
 + Level 3.2 Dodging
 - Level 2.6 Stealth
 + Level 3.7 Spellcasting
 * Level 2.7 Conjurations
 + Level 1.3 Summonings
 + Level 1.2 Translocations


You had 5 spell levels left.
You knew the following spells:

 Your Spells              Type           Power        Failure   Level  Hunger
a - Magic Dart            Conj           ##..         1%          1    None
b - Blink                 Tloc           N/A          4%          2    ##.....
q - Call Imp              Summ           #.......     4%          2    ##.....


Dungeon Overview and Level Annotations

Branches:
Dungeon (3/15)

Altars:


Innate Abilities, Weirdness & Mutations

You are small and have problems with some larger weapons.
You are carnivorous and can eat meat at any time.


Message History

You miss something.
Your crimson imp blinks!
You hear some strange, mumbled words.
A puff of flame appears from out of thin air!
The puff of flame hits you! The kobold barely misses you.
Something hits you but does no damage. The kobold hits you with a whip.
There is a stone staircase leading up here.
Something hits you. The kobold hits you with a whip.
* * * LOW HITPOINT WARNING * * *
You climb upwards.
There is a stone staircase leading down here.
Unknown command.
You hit the kobold.
You kill the kobold!
Something hits you.
* * * LOW HITPOINT WARNING * * *
You hear some strange, mumbled words.
A magic dart appears from out of thin air!
The magic dart hits you!
You die...

#################
########....)@##.(.....#
#......#.####.##.#####.#
#.####.#.#....##.#####.#
#.###....#########..##.# #
#.#....#.....#......##.# #
#.#.##.#.###.#.####.##.#######
#.#.##.#.#...#...#.....#.....#
#......###.#####.##.####..#.#.
#.###### #.......##...........


There were no monsters in sight!

Vanquished Creatures
  Natasha (D:2)
  An adder (D:2)
  A worm (D:2)
  A dart slug (D:1)
  2 orcs (D:3)
  A ball python (D:2)
  2 giant cockroaches
  3 goblins
  4 hobgoblins
  2 jackals (D:1)
  2 bats (D:1)
  3 frilled lizards (D:1)
  4 kobolds (D:2)
  4 rats
31 creatures vanquished.

Vanquished Creatures (collateral kills)
  2 worms (D:2)
  An orc (D:2)
  3 jackals (D:1)
6 creatures vanquished.

Grand Total: 37 creatures vanquished

Notes
Turn   | Place    | Note
-------+----------+-------------------------------------------
     0 | D:1      | Hasart the Kobold Wizard began the quest for the Orb.
     0 | D:1      | Reached XP level 1. HP: 10/10 MP: 4/4
   176 | D:1      | Reached XP level 2. HP: 15/15 MP: 6/6
   180 | D:1      | Learned a level 2 spell: Call Imp
   183 | D:1      | Learned a level 2 spell: Blink
  1169 | D:1      | Reached XP level 3. HP: 19/19 MP: 2/8
  1890 | D:2      | Found a faded altar of an unknown god.
  2102 | D:2      | Noticed Natasha
  2110 | D:2      | Killed Natasha
  2110 | D:2      | Reached XP level 4. HP: 15/24 MP: 0/9
  2865 | D:2      | Killed from afar by an orc wizard

Skill      XL: |  1  2  3 |
---------------+----------+-----
Conjurations   | 2 |  2.7
Dodging        | 3 |  3.2
Stealth        | |  2.6
Spellcasting   | |  3.7
Summonings     | |  1.3
Translocations | |  1.2

Action                   |  1- 3 |  4- 6 || total
-------------------------+-------+-------++-------
Melee: Club              |    43 |     4 ||    47
       Trident           |       |    10 ||    10
 Cast: Magic Dart        |    64 |    34 ||    98
       Call Imp          |     5 |     4 ||     9
  Use: Scroll            |     2 |     2 ||     4
       Potion            |       |     1 ||     1
  Eat: Chunk             |    12 |     1 ||    13
Armor: Robe              |     5 |     6 ||    11
Dodge: Dodged            |    67 |    18 ||    85
